 Dungeon Crawl Stone Soup version 0.15.2 (webtiles) character file.

523900 kroki the Deadly Accurate (level 25, 0/260 (265) HPs)
             Began as a Troll Arcane Marksman on Nov 27, 2014.
             Was a High Priest of Trog.
             Killed from afar by an acid blob (21 damage)
             ... with an exploding inner flame
             ... hexed by the player character
             ... on Level 6 of the Pits of Slime on Dec 17, 2014.
             The game lasted 04:00:09 (74581 turns).

kroki the Deadly Accurate (Troll Arcane Marksman)  Turns: 74581, Time: 04:00:09

HP   0/260 (265) AC  9     Str 28      XL: 25   Next: 19%
MP  28/28        EV 22     Int  9      God: Trog [*****.]
Gold 2955        SH 24     Dex 17      Spells:  0 memorised, 26 levels left

rFire  + . .     SeeInvis +       - Unarmed
rCold  + + +     Clarity  .     j - +7 ice dragon armour of Chimes {rF- rC++ SInv}
rNeg   + . .     rCorr    +     F - +2 large shield {AC+3}
rPois  +         rRot     .     D - +2 hat
rElec  +         Spirit   .     w - +2 cloak of Caupuunkiv {+Inv rC+ MR+ Dex-5 Slay+5}
SustAb .         Warding  .     (gloves unavailable)
rMut   .         Stasis   .     (boots unavailable)
Gourm  +                        K - amulet of resist corrosion
MR     ++++.                    P - ring of Cluffoic {+Blink +Rage +Fly rPois rF+ Str+2 Stlth+}
                                a - ring "Nanecwi" {rF+ rC++ rN+, =R}

@: agile, corroded equipment, very slightly contaminated, regenerating, rotting,
hasted, very quick, incredibly resistant to hostile enchantments, unstealthy
A: unfitting armour, claws 3, iridescent scales 1, deformed body, fast
metabolism 3, gourmand, regeneration 2, saprovore 2, shaggy fur 1, electricity
resistance, tough skin 2
a: Burn Spellbooks, Berserk, Trog's Hand, Brothers in Arms, Renounce Religion,
Evoke Blink, Evoke Berserk Rage, Evoke Invisibility, Evoke Flight
}: 1/15 runes: gossamer


You were on level 6 of the Pits of Slime.
You worshipped Trog.
Trog was extremely pleased with you.
You were full.

You visited 11 branches of the dungeon, and saw 59 of its levels.
You visited 1 bazaar.
You also visited: Trove, Ossuary, Ice Cave and Volcano.

You collected 7253 gold pieces.
You spent 4298 gold pieces at shops.

Inventory:

Hand weapons
 H - a cursed +0 blowgun
   (You took it off a kobold on level 9 of the Dungeon)
Missiles
 b - 4 throwing nets {!f}
 e - 4 large rocks (quivered)
 g - 7 poisoned javelins
 q - 4 steel javelins
 G - 11 curare-tipped needles {!f}
 L - 18 javelins of penetration
 R - 8 tomahawks of dispersal
Armour
 f - a +9 gold dragon armour
   (You found it on level 4 of the Depths)
 j - the +7 ice dragon armour of Chimes (worn) {rF- rC++ SInv}
   (You bought it in a shop on level 4 of the Depths)

   It makes you vulnerable to fire.
   It greatly protects you from cold.
   It enhances your eyesight.
 w - the +2 cloak of Caupuunkiv (worn) {+Inv rC+ MR+ Dex-5 Slay+5}
   (You bought it in a shop on level 4 of the Orcish Mines)

   It affects your dexterity (-5).
   It affects your accuracy and damage with ranged weapons and melee attacks
   (+5).
   It protects you from cold.
   It affects your resistance to hostile enchantments.
   It lets you turn invisible.
 D - a +2 hat (worn)
   (You took it off an octopode crusher on level 4 of the Depths)
 F - a +2 large shield of protection (worn)
   (You found it on level 6 of the Dungeon)
 J - a +0 cloak of magic resistance
   (You took it off a draconian caller on level 4 of the Depths)
Magical devices
 o - a wand of disintegration (14)
   (You found it on level 1 of the Swamp)
 U - a wand of heal wounds (1)
   (You found it on level 3 of the Depths)
 Y - a wand of invisibility (1)
   (You found it on level 6 of the Lair of Beasts)
Comestibles
 d - 5 meat rations
Scrolls
 h - 4 scrolls of immolation
 p - 32 scrolls of remove curse
 r - 3 scrolls of teleportation
 t - 2 scrolls of vulnerability
 u - 4 scrolls of identify
 v - a scroll of noise
 C - 6 scrolls of enchant weapon
 E - 6 scrolls of recharging
 S - a scroll of brand weapon
 V - 2 scrolls of blinking
 W - 2 scrolls of silence
 Z - 4 scrolls of magic mapping
Jewellery
 a - the ring "Nanecwi" (left claw) {rF+ rC++ rN+, =R}
   (You took it off a deep elf conjurer on level 3 of the Elven Halls)

   [ring of positive energy]

   It protects you from fire.
   It greatly protects you from cold.
   It protects you from negative energy.
 k - a +4 ring of slaying
   (You took it off a deep elf mage on level 2 of the Depths)
 z - a cursed amulet of guardian spirit
   (You found it on level 6 of the Dungeon)
 K - an amulet of resist corrosion (around neck)
   (You found it on level 5 of the Lair of Beasts)
 P - the ring of Cluffoic (right claw) {+Blink +Rage +Fly rPois rF+ Str+2 Stlth+}
   (You found it on level 2 of the Depths)

   [ring of protection from fire]

   It affects your strength (+2).
   It protects you from fire.
   It protects you from poison.
   It lets you fly.
   It lets you blink.
   It lets you go berserk.
   It makes you more stealthy.
 T - a cursed +6 ring of protection
   (You took it off a deep elf death mage on level 3 of the Elven Halls)
 X - the amulet "Forget-Me-Not" {Ward rN+ MR++ Int+2}
   (You took it off a deep elf death mage on level 3 of the Crypt)

   [amulet of warding]

   It may prevent the melee attacks of summoned creatures.
   It affects your intelligence (+2).
   It protects you from negative energy.
   It affects your resistance to hostile enchantments.
Potions
 c - 2 potions of berserk rage
 i - 7 potions of restore abilities
 l - 2 potions of brilliance
 A - a potion of agility
 B - 6 potions of heal wounds
 I - 3 potions of might
 M - 2 potions of cancellation
 N - 4 potions of resistance
 O - 10 potions of curing
Miscellaneous
 m - a sack of spiders {used: 3}
   (You found it on level 3 of the Elven Halls)
 s - a sack of spiders {used: 2}
   (You found it on level 2 of the Swamp)
 y - a lamp of fire (inert)
   (You found it on level 6 of the Lair of Beasts)
 Q - a phial of floods
   (You found it on level 3 of the Elven Halls)
Rods
 x - a cursed +9 lightning rod (17/17) {!a}
   (You found it on level 5 of the Lair of Beasts)


   Skills:
 - Level 18.0 Fighting
 - Level 20.1 Throwing
 - Level 17.6 Armour
 - Level 14.0 Dodging
 - Level 15.0 Shields
 + Level 10.4 Unarmed Combat
 - Level 1.0 Spellcasting
   Level 2.0 Hexes
 - Level 7.2 Evocations


You had 26 spell levels left.
You didn't know any spells.


Innate Abilities, Weirdness & Mutations

You are too large for most types of armour.
You have claws for hands.
Your metabolism is lightning-fast.
You like to eat raw meat.
You heal very quickly.
You can eat rotten meat.
You are covered in fur (AC +1).
You have very tough skin (AC +2).
You are partially covered in iridescent scales (AC +4).
Armour fits poorly on your strangely shaped body.
You are resistant to electric shocks.

Dungeon Overview and Level Annotations

Branches:
Dungeon (15/15)            Temple (1/1) D:7             Orc (4/4) D:9
    Elf (3/3) Orc:3          Lair (8/8) D:9           Swamp (5/5) Lair:5
 Spider (5/5) Lair:3        Slime (6/6) Lair:6       Vaults (4/5) D:14
  Crypt (3/3) Vaults:3       Tomb (0/3) Crypt:3      Depths (5/5) D:15
    Zot (0/5) Depths:5

Altars:
Cheibriados
Dithmenos
Elyvilon
Fedhas
Kikubaaqudgha
Makhleb
Nemelex Xobeh
Okawaru
Qazlal
Sif Muna
Trog
Vehumet
Xom
Yredelemnul
Zin
The Shining One
Beogh

Shops:
D:5 [   D:10 [   D:13 (   Orc:1 (   Orc:4 (*[   Depths:4 [

Portals:
Hell: Depths:1 Depths:2 Depths:3 Depths:4 Depths:5
Abyss: Depths:2 Depths:3 Depths:4
Pandemonium: Depths:3 Depths:5
Ziggurat: Depths:1 Depths:2

Annotations:
Crypt:1 Mara
Crypt:3 exclusion: curse skull

......................
.....................
.....................
.....................
.....................
....................
.....#####J####....
...##)##JJ##/##..
..##![$#@##$$!##.
.##$)$##J§##$)(##
#()$=%##J#(|φ.$
#}%}(##JJ##?=?[
##??#|#J##)#./#
######G.#####
...#....#J. #........
#..


You could see 2 acid blobs, 3 azure jellies, a slime creature, 2 death oozes, a
jelly and a golden eye.


Message History

The acid blob is severely wounded.
You block the azure jelly's attack. x3
The azure jelly hits you.
* * * LOW HITPOINT WARNING * * *
The acid blob is engulfed in roaring flames.
The acid blob hits you!
* * * LOW HITPOINT WARNING * * *
You are splashed with acid!
The acid burns!
You resist.
* * * LOW HITPOINT WARNING * * *
The azure jelly is engulfed in roaring flames. x2
The death ooze hits you!!
* * * LOW HITPOINT WARNING * * *
The death ooze hits you.
* * * LOW HITPOINT WARNING * * *
You take 43 damage.
Drink which item? (? for menu, Esc to quit)
You feel much better. The acid blob spits acid at you.
The splash of acid hits you! You resist.
* * * LOW HITPOINT WARNING * * *
The acid burns!
You resist.
* * * LOW HITPOINT WARNING * * *
You block the azure jelly's attack. The azure jelly barely misses you.
The azure jelly hits you.
* * * LOW HITPOINT WARNING * * *
The azure jelly misses you.
The acid blob is engulfed in roaring flames.
The acid blob explodes!
The fiery explosion engulfs you! You resist.
You die...

Notes
Turn   | Place    | Note
--------------------------------------------------------------
     0 | D:1      | kroki, the Troll Arcane Marksman, began the quest for the Orb.
     0 | D:1      | Reached XP level 1. HP: 18/18 MP: 2/2
   167 | D:1      | Reached skill level 1 in Unarmed Combat
   167 | D:1      | Reached XP level 2. HP: 23/26 MP: 2/2
   824 | D:2      | Reached XP level 3. HP: 32/32 MP: 0/3
   844 | D:2      | Noticed Terence
   864 | D:2      | Killed Terence
   864 | D:2      | Reached skill level 3 in Unarmed Combat
  1058 | D:2      | Reached XP level 4. HP: 40/40 MP: 0/3
  1681 | D:3      | Reached skill level 4 in Unarmed Combat
  1775 | D:3      | Reached XP level 5. HP: 32/46 MP: 1/4
  2322 | D:4      | Noticed a phantom
  2340 | D:4      | Killed a phantom
  2340 | D:4      | Reached skill level 5 in Unarmed Combat
  2443 | D:4      | Noticed a phantom
  2469 | D:4      | Killed a phantom
  2469 | D:4      | Reached skill level 6 in Unarmed Combat
  2469 | D:4      | Reached XP level 6. HP: 51/54 MP: 1/5
  2968 | D:5      | Entered Level 5 of the Dungeon
  2973 | D:5      | Found a shadowy altar of Dithmenos.
  2980 | D:5      | Reached XP level 7. HP: 58/61 MP: 5/5
  3187 | D:5      | Reached skill level 3 in Throwing
  3511 | D:5      | Found Psihuwix's Antique Armour Boutique.
  3514 | D:5      | Bought a pitted cloak for 228 gold pieces
  3520 | D:5      | Identified the +0 cloak "Niylit" {+Blink Str+3} (You bought it in a shop on level 5 of the Dungeon)
  4026 | D:6      | Reached skill level 5 in Throwing
  4136 | D:6      | Reached XP level 8. HP: 31/68 MP: 5/5
  4270 | D:6      | Reached skill level 6 in Throwing
  4277 | D:6      | Noticed Edmund
  4287 | D:6      | Killed Edmund
  4470 | D:6      | Found a burning altar of Makhleb.
  4853 | D:6      | Reached skill level 7 in Throwing
  5067 | D:7      | Found a staircase to the Ecumenical Temple.
  5125 | D:7      | Reached skill level 8 in Throwing
  5163 | D:7      | Found a sand-covered staircase.
  5169 | Ossuary  | Entered an ossuary
  5252 | Ossuary  | Reached skill level 1 in Shields
  5433 | D:7      | Reached XP level 9. HP: 66/75 MP: 7/7
  5483 | Temple   | Entered the Ecumenical Temple
  5724 | Temple   | Became a worshipper of Trog the Wrathful
  5814 | D:7      | Reached skill level 3 in Shields
  6053 | D:7      | Found a blossoming altar of Fedhas.
  6053 | D:7      | Found a deep blue altar of Sif Muna.
  6265 | D:7      | Acquired Trog's first power
  6846 | D:8      | Reached skill level 5 in Shields
  6894 | D:8      | Noticed Pikel
  6911 | D:8      | Killed Pikel
  6911 | D:8      | Reached skill level 6 in Shields
  6961 | D:8      | Found a basalt altar of Yredelemnul.
  7037 | D:8      | Noticed Erolcha
  7209 | D:9      | Noticed a hill giant
  7220 | D:9      | Killed a hill giant
  7220 | D:9      | Acquired Trog's second power
  7220 | D:9      | Reached XP level 10. HP: 69/83 MP: 6/7
  7232 | D:9      | Reached skill level 8 in Shields
  7286 | D:9      | Reached skill level 9 in Shields
  7446 | D:9      | Reached skill level 10 in Shields
  7722 | D:8      | Killed Erolcha
  7946 | D:8      | Reached XP level 11. HP: 89/89 MP: 7/7
  8168 | D:8      | Received a gift from Trog
  8646 | D:9      | Acquired Trog's third power
  8686 | D:9      | Found a staircase to the Orcish Mines.
  8783 | D:9      | Reached skill level 11 in Shields
  8903 | D:9      | Found a staircase to the Lair.
  8957 | D:9      | Reached skill level 1 in Fighting
  9174 | Orc:1    | Entered Level 1 of the Orcish Mines
  9310 | Orc:1    | Received a gift from Trog
  9422 | Orc:1    | Reached skill level 1 in Evocations
  9643 | Orc:1    | Found Dogini Choa's Antique Weapon Shop.
  9938 | Orc:1    | Found a burning altar of Makhleb.
 10093 | Orc:2    | Noticed an orc high priest
 10094 | Orc:2    | Noticed an ice devil
 10233 | Orc:2    | Noticed a sun demon
 10243 | Orc:2    | Killed an orc high priest
 10243 | Orc:2    | Reached skill level 3 in Evocations
 10248 | Orc:2    | Received a gift from Trog
 10417 | Orc:2    | Noticed Urug
 10422 | Orc:2    | Noticed Joseph
 10471 | Orc:2    | Received a gift from Trog
 10516 | Orc:2    | Killed Joseph
 10516 | Orc:2    | Reached skill level 3 in Fighting
 10525 | Orc:2    | Killed Urug
 10770 | Lair:1   | Entered Level 1 of the Lair of Beasts
 11459 | Lair:1   | Reached skill level 5 in Evocations
 11474 | Lair:1   | Received a gift from Trog
 11725 | Lair:1   | Noticed a four-headed hydra
 11731 | Lair:1   | Killed a four-headed hydra
 11731 | Lair:1   | Reached XP level 12. HP: 79/107 MP: 10/15
 11829 | Lair:2   | Found a shimmering altar of Xom.
 11976 | Lair:2   | Paralysed by a yellow wasp for 3 turns
 12263 | Lair:2   | Reached skill level 6 in Evocations
 12630 | Lair:3   | Found a hole to the Spider Nest.
 12692 | Lair:3   | Reached skill level 5 in Fighting
 12767 | Lair:3   | Noticed a six-headed hydra
 12771 | Lair:3   | Killed a six-headed hydra
 12799 | Lair:3   | Reached skill level 10 in Throwing
 13234 | Lair:3   | Reached skill level 6 in Fighting
 13513 | Lair:3   | Noticed Maud
 13538 | Lair:3   | Killed Maud
 13538 | Lair:3   | Received a gift from Trog
 13935 | Lair:4   | Received a gift from Trog
 14070 | Lair:4   | Noticed a five-headed hydra
 14073 | Lair:4   | Reached XP level 13. HP: 124/124 MP: 18/18
 14078 | Lair:4   | Killed a five-headed hydra
 14082 | Lair:4   | Reached skill level 3 in Dodging
 14278 | Lair:4   | Noticed Erica
 14306 | Lair:4   | Killed Erica
 14306 | Lair:4   | Received a gift from Trog
 14693 | Lair:4   | Received a gift from Trog
 14738 | Lair:4   | Noticed Miyamura's ghost (powerful MfIE)
 14767 | Lair:4   | Killed Miyamura's ghost
 15024 | Lair:4   | Reached skill level 5 in Dodging
 15586 | Lair:5   | Reached skill level 6 in Dodging
 15602 | Lair:5   | Found a staircase to the Swamp.
 16120 | Lair:5   | Identified a +1 lightning rod (13/13) (You found it on level 5 of the Lair of Beasts)
 16808 | Lair:6   | Found a dark tunnel.
 16813 | Volcano  | Entered a volcano
 16966 | Volcano  | Reached skill level 12 in Throwing
 16992 | Volcano  | Found a bloodstained altar of Trog.
 16996 | Volcano  | Received a gift from Trog
 17291 | Lair:6   | Reached skill level 8 in Dodging
 17296 | Lair:6   | Reached XP level 14. HP: 133/133 MP: 14/18
 17397 | Lair:6   | Received a gift from Trog
 17870 | Lair:6   | Found a staircase to the Slime Pits.
 18807 | Lair:7   | Found a frozen archway.
 18838 | IceCv    | Entered an ice cave
 19659 | IceCv    | kroki: hi
 19764 | IceCv    | Reached skill level 10 in Dodging
 20105 | Lair:7   | Gained mutation: Potions and wands are less effective at restoring your health. [potion of mutation]
 20105 | Lair:7   | Gained mutation: You are resistant to electric shocks. [potion of mutation]
 20105 | Lair:7   | Gained mutation: Armour fits poorly on your strangely shaped body. [potion of mutation]
 20109 | Lair:7   | Gained mutation: You are partially covered in iridescent scales (AC +4). [potion of beneficial mutation]
 20586 | Lair:8   | Entered Level 8 of the Lair of Beasts
 20956 | Lair:8   | Reached skill level 13 in Throwing
 21154 | Lair:8   | Received a gift from Trog
 21957 | Lair:8   | Reached XP level 15. HP: 140/140 MP: 17/20
 21966 | Lair:8   | Reached skill level 1 in Armour
 22008 | Lair:8   | Received a gift from Trog
 22553 | Orc:3    | Found a staircase to the Elven Halls.
 23324 | Orc:3    | Reached skill level 3 in Armour
 23335 | Orc:3    | Received a gift from Trog
 23465 | Orc:3    | Got an ancient halberd
 23482 | Orc:3    | Got a crystal spear
 24003 | Orc:4    | Entered Level 4 of the Orcish Mines
 24230 | Orc:4    | Received a gift from Trog
 24230 | Orc:4    | Reached skill level 8 in Fighting
 24268 | Orc:4    | Noticed Saint Roka
 24478 | Orc:4    | Killed Saint Roka
 24478 | Orc:4    | Reached skill level 5 in Armour
 24516 | Orc:4    | Noticed Nergalle
 24536 | Orc:4    | Killed Nergalle
 24541 | Orc:4    | Found a roughly hewn altar of Beogh.
 24604 | Orc:4    | Found Maph's Antique Armour Shop.
 24652 | Orc:4    | Bought a warped cloak for 161 gold pieces
 24652 | Orc:4    | Bought an opalescent robe for 96 gold pieces
 24666 | Orc:4    | Identified the +2 cloak of Caupuunkiv {+Inv rC+ MR+ Dex-5 Slay+5} (You bought it in a shop on level 4 of the Orcish Mines)
 24678 | Orc:4    | Identified the cursed -5 robe of the Farrier {rC+ Str-2 Dex-5 Int+4} (You bought it in a shop on level 4 of the Orcish Mines)
 24911 | Orc:4    | Found Erchuac's Antique Weapon Shop.
 25054 | Orc:4    | Found Phixasol's General Store.
 25070 | Orc:4    | Found Fanercho's Book Shop.
 25074 | Orc:4    | Received a gift from Trog
 25085 | Orc:4    | Fanercho's Book Shop was a mimic.
 25230 | D:10     | Entered Level 10 of the Dungeon
 25392 | D:10     | Found Zukitwe Dara's Antique Armour Emporium.
 25774 | D:10     | Noticed Eustachio
 25777 | D:10     | Killed Eustachio
 26141 | D:11     | Received a gift from Trog
 26597 | D:11     | Received a gift from Trog
 27363 | D:12     | Reached skill level 12 in Shields
 28266 | D:13     | Received a gift from Trog
 28351 | D:13     | Found Denn's Weapon Shoppe.
 28988 | D:13     | Reached XP level 16. HP: 152/152 MP: 20/20
 28994 | D:13     | Received a gift from Trog
 29243 | D:14     | Received a gift from Trog
 29371 | D:14     | Received a gift from Trog
 29398 | D:14     | Found a gate to the Vaults.
 29533 | D:14     | Found a bloodstained altar of Trog.
 29977 | D:15     | Entered Level 15 of the Dungeon
 30853 | D:15     | Found a staircase to the Depths.
 31081 | D:15     | Reached skill level 14 in Shields
 31499 | Elf:1    | Entered Level 1 of the Elven Halls
 31574 | Elf:1    | Found a flickering gateway to a bazaar.
 31630 | Bazaar   | Entered a bazaar
 31630 | Bazaar   | Found Pujackur's Weapon Emporium.
 31630 | Bazaar   | Found Cinurouti's Food Shoppe.
 31630 | Bazaar   | Found Vuomm's Magic Scroll Shoppe.
 31630 | Bazaar   | Found Dethretz's Food Emporium.
 31631 | Bazaar   | Found Mnep's General Store.
 31632 | Bazaar   | Found Ynackul's Book Shoppe.
 31662 | Bazaar   | Bought a scroll of fog for 14 gold pieces
 31662 | Bazaar   | Bought 3 scrolls of enchant armour for 157 gold pieces
 31662 | Bazaar   | Bought a scroll of recharging for 66 gold pieces
 31662 | Bazaar   | Bought a scroll of fear for 24 gold pieces
 31662 | Bazaar   | Bought a scroll of fear for 24 gold pieces
 31662 | Bazaar   | Bought a scroll of acquirement for 364 gold pieces
 31662 | Bazaar   | Bought a scroll of magic mapping for 24 gold pieces
 31665 | Bazaar   | Bought a scroll of enchant armour for 67 gold pieces
 31665 | Bazaar   | Bought a scroll of identify for 18 gold pieces
 31678 | Bazaar   | Got a jewelled hat
 31684 | Bazaar   | Identified the +0 hat "Psugup" {+Inv Int+3 SInv} (You acquired it in a bazaar)
 31757 | Elf:1    | Received a gift from Trog
 32443 | Elf:1    | Received a gift from Trog
 32803 | Elf:2    | Reached skill level 15 in Shields
 32867 | Elf:2    | Reached skill level 6 in Armour
 33197 | Elf:2    | Noticed Snorg
 33214 | Elf:2    | Killed Snorg
 33237 | Elf:2    | Received a gift from Trog
 33293 | Elf:2    | Reached XP level 17. HP: 158/158 MP: 21/21
 33300 | Elf:2    | Received a gift from Trog
 33851 | Elf:3    | Entered Level 3 of the Elven Halls
 33913 | Elf:3    | Reached skill level 14 in Throwing
 34041 | Elf:3    | Noticed Kirke
 34042 | Elf:3    | Received a gift from Trog
 34070 | Elf:3    | Killed Kirke
 34604 | Elf:3    | Received a gift from Trog
 34993 | Elf:3    | Got a pitted jade ring
 34994 | Elf:3    | Identified the ring "Nanecwi" {rF+ rC++ rN+} (You took it off a deep elf conjurer on level 3 of the Elven Halls)
 35021 | Elf:3    | Received a gift from Trog
 35097 | Elf:3    | Got a fine hat
 35108 | Elf:3    | Identified the +0 hat of Springtime {Str+5} (You acquired it on level 3 of the Elven Halls)
 35111 | Elf:3    | Got a pitted silver ring
 35112 | Elf:3    | Identified the ring of Arrival {Int+4 Stlth+} (You found it on level 3 of the Elven Halls)
 35226 | Elf:3    | Got a brightly glowing hand axe
 35230 | Elf:3    | Got a bloodstained mace
 35327 | Elf:3    | Identified the +6 mace of Sublel {crush, rPois rF++ Stlth--} (You found it on level 3 of the Elven Halls)
 35345 | Elf:3    | Received a gift from Trog
 35455 | Elf:3    | Received a gift from Trog
 35751 | Spider:1 | Entered Level 1 of the Spider Nest
 36958 | Spider:1 | Reached skill level 10 in Fighting
 37061 | Spider:2 | Received a gift from Trog
 37087 | Spider:2 | Reached XP level 18. HP: 174/174 MP: 22/22
 37092 | Spider:2 | Reached skill level 16 in Throwing
 37314 | Spider:2 | Received a gift from Trog
 37321 | Spider:2 | Got an iridescent giant spiked club {god gift}
 37327 | Spider:2 | Identified the +4 giant spiked club of Annoyance {flame, rC+ Str+4} (Trog gifted it to you on level 2 of the Spider Nest)
 38749 | Spider:3 | Received a gift from Trog
 39171 | Spider:3 | Received a gift from Trog
 39325 | Spider:4 | Received a gift from Trog
 39363 | Spider:4 | Noticed Arachne
 39389 | Spider:4 | Killed Arachne
 40068 | Spider:4 | Paralysed by a red wasp for 3 turns
 40710 | Spider:5 | Entered Level 5 of the Spider Nest
 40861 | Spider:5 | Reached skill level 17 in Throwing
 40929 | Spider:5 | Received a gift from Trog
 41378 | Spider:5 | Received a gift from Trog
 41610 | Spider:5 | HP: 7/179 [emperor scorpion (10)]
 42362 | Spider:5 | Got a gossamer rune of Zot
 43253 | Spider:3 | Received a gift from Trog
 43270 | Spider:3 | Got a faintly glowing lajatang {god gift}
 43271 | Spider:3 | Identified the +1 lajatang of Trog's Hope {elec, rC- Str+2 Dex-4} (Trog gifted it to you on level 3 of the Spider Nest)
 43492 | Swamp:1  | Entered Level 1 of the Swamp
 44029 | Swamp:1  | Noticed Louise
 44041 | Swamp:1  | Killed Louise
 44041 | Swamp:1  | Reached XP level 19. HP: 185/187 MP: 22/22
 44506 | Swamp:2  | Reached skill level 18 in Throwing
 44814 | Swamp:2  | Received a gift from Trog
 44879 | Swamp:2  | Noticed trelanon's ghost (mighty VSGl)
 44890 | Swamp:2  | Killed trelanon's ghost
 45826 | Swamp:3  | Noticed Donald
 45832 | Swamp:3  | Killed Donald
 46343 | Swamp:4  | Noticed Wiglaf
 46363 | Swamp:4  | Killed Wiglaf
 46935 | Swamp:5  | Entered Level 5 of the Swamp
 47009 | Swamp:5  | Reached skill level 12 in Fighting
 47555 | Swamp:5  | Received a gift from Trog
 48280 | Vaults:1 | Entered Level 1 of the Vaults
 48585 | Vaults:1 | Received a gift from Trog
 49405 | Vaults:1 | Reached skill level 12 in Dodging
 50068 | Vaults:1 | Noticed Asterion
 50084 | Vaults:1 | Killed Asterion
 50084 | Vaults:1 | Reached XP level 20. HP: 191/202 MP: 25/25
 50623 | Vaults:1 | Received a gift from Trog
 50966 | Vaults:2 | Noticed Frederick
 50975 | Vaults:2 | Killed Frederick
 51131 | Vaults:2 | Received a gift from Trog
 51283 | Vaults:2 | Received a gift from Trog
 51440 | Vaults:2 | Got a brightly glowing platinum amulet
 51513 | Vaults:2 | Noticed Boris
 51514 | Vaults:2 | Identified the amulet "Xumoat" {Inacc rF+ rC+} (You found it on level 2 of the Vaults)
 51547 | Vaults:2 | Killed Boris
 51606 | Vaults:2 | Received a gift from Trog
 52132 | Vaults:2 | Reached skill level 14 in Fighting
 52243 | Vaults:2 | Received a gift from Trog
 52362 | Vaults:2 | Received a gift from Trog
 53007 | Vaults:3 | Noticed Nikola
 53016 | Vaults:3 | Killed Nikola
 53237 | Vaults:3 | Received a gift from Trog
 53696 | Vaults:3 | Found a staircase to the Crypt.
 53696 | Vaults:3 | Found an ancient bone altar of Kikubaaqudgha.
 53697 | Vaults:3 | Found a basalt altar of Yredelemnul.
 54244 | Vaults:4 | Reached XP level 21. HP: 215/215 MP: 25/25
 54281 | Vaults:4 | Reached skill level 14 in Dodging
 54484 | Vaults:4 | Received a gift from Trog
 54753 | Vaults:4 | Received a gift from Trog
 54868 | Vaults:4 | Reached skill level 8 in Armour
 54897 | Vaults:4 | Received a gift from Trog
 55286 | Vaults:4 | Found a portal to a secret trove of treasure.
 55559 | Crypt:1  | Entered Level 1 of the Crypt
 55811 | Crypt:1  | Noticed Mara
 55817 | Crypt:1  | Noticed kroki's illusion
 55848 | Crypt:1  | Noticed kroki's illusion
 56064 | Depths:1 | Entered Level 1 of the Depths
 56097 | Depths:1 | Reached skill level 19 in Throwing
 56308 | Depths:1 | Received a gift from Trog
 56323 | Depths:1 | Found a gateway to Hell.
 56508 | Depths:1 | Received a gift from Trog
 56942 | Depths:1 | Lost mutation: Potions and wands are less effective at restoring your health. [a shining eye]
 56946 | Depths:1 | Found a gateway to a ziggurat.
 56980 | Depths:1 | Reached skill level 10 in Armour
 57760 | Depths:2 | Received a gift from Trog
 57928 | Depths:2 | Reached XP level 22. HP: 222/225 MP: 26/26
 57956 | Depths:2 | Got a flickering amber ring
 57961 | Depths:2 | Identified the ring of Stalyrum {rPois Str+2 Slay-1} (You found it on level 2 of the Depths)
 58003 | Depths:2 | Found a burning altar of Makhleb.
 58135 | Depths:2 | Found a basalt altar of Yredelemnul.
 58501 | Depths:2 | Found a one-way gate to the infinite horrors of the Abyss.
 58674 | Depths:2 | Identified a +3 rod of ignition (12/12) (You found it on level 2 of the Depths)
 58696 | Depths:2 | Received a gift from Trog
 59140 | Depths:2 | Got a vibrating marble ring
 59141 | Depths:2 | Found a gateway to a ziggurat.
 59179 | Depths:2 | Noticed Sojobo
 59335 | Depths:1 | Identified the ring "Pliussaz" {MP+9 Dex+4 Int-4} (You took it off a deep elf summoner on level 2 of the Depths)
 59726 | Depths:2 | Killed Sojobo
 59824 | Depths:2 | Got a pitted lead ring
 59866 | Depths:2 | Identified the ring of Cluffoic {+Blink +Rage +Fly rPois rF+ Str+2 Stlth+} (You found it on level 2 of the Depths)
 60012 | Depths:2 | Found a stormy altar of Qazlal.
 60031 | Depths:2 | Reached skill level 12 in Armour
 60546 | Depths:3 | Found a one-way gate leading to the halls of Pandemonium.
 61221 | Depths:3 | Received a gift from Trog
 61318 | Depths:3 | Reached skill level 16 in Fighting
 61381 | Depths:3 | Identified a wand of heal wounds {zapped: 1} (You found it on level 3 of the Depths)
 63228 | Crypt:2  | Reached skill level 20 in Throwing
 63243 | Crypt:2  | Reached XP level 23. HP: 157/237 MP: 26/26
 64037 | Crypt:3  | Entered Level 3 of the Crypt
 64722 | Crypt:3  | Got a sparkling ruby amulet
 64725 | Crypt:3  | Identified the amulet of Xom's Righteous Anger {+Rage Str+3} (You found it on level 3 of the Crypt)
 64848 | Crypt:3  | Got a faintly glowing ruby amulet
 64848 | Crypt:3  | Got a pitted lead ring
 64848 | Crypt:3  | Got a flickering lapis lazuli ring
 64851 | Crypt:3  | Identified the amulet "Pledghil" {Ward rN+ Dex+4 Int-2} (You found it on level 3 of the Crypt)
 64858 | Crypt:3  | Identified the ring of Vicicvyo {rN+ Slay+2} (You found it on level 3 of the Crypt)
 64880 | Crypt:3  | Got a twisted short sword
 65255 | Crypt:3  | Received a gift from Trog
 65284 | Crypt:3  | Reached skill level 14 in Armour
 65571 | Crypt:3  | Found a staircase to the Tomb.
 65594 | Crypt:3  | Noticed an ancient lich
 65739 | Crypt:3  | Noticed an ancient lich
 65882 | Crypt:3  | Killed an ancient lich
 66205 | Crypt:3  | Got a pitted platinum amulet
 66206 | Crypt:3  | Identified the amulet "Forget-Me-Not" {Ward rN+ MR++ Int+2} (You took it off a deep elf death mage on level 3 of the Crypt)
 66648 | Crypt:3  | Killed an ancient lich
 67755 | Depths:3 | Received a gift from Trog
 68558 | Depths:4 | Found Blamol's Antique Armour Boutique.
 68568 | Depths:4 | Bought a crude ice dragon armour for 3055 gold pieces
 68580 | Depths:4 | Identified the +7 ice dragon armour of Chimes {rF- rC++ SInv} (You bought it in a shop on level 4 of the Depths)
 68892 | Depths:4 | Received a gift from Trog
 69285 | Depths:3 | Received a gift from Trog
 69386 | Depths:3 | Reached XP level 24. HP: 251/251 MP: 27/27
 69727 | Vaults:4 | You paid a toll of 18 scrolls of identify to enter a treasure trove
 69728 | Trove    | Entered a treasure trove
 70274 | Depths:4 | Received a gift from Trog
 70519 | Depths:4 | Identified a +9 gold dragon armour (You found it on level 4 of the Depths)
 70549 | Depths:4 | Received a gift from Trog
 70638 | Depths:4 | Noticed the Enchantress
 70655 | Depths:4 | Reached skill level 16 in Armour
 71471 | Depths:4 | Noticed Xtahua
 71512 | Depths:4 | Killed the Enchantress
 71836 | Depths:4 | Got a faerie dragon armour
 71848 | Depths:4 | Identified the +6 faerie dragon armour {rN+ HP-1} (You took it off the Enchantress on level 4 of the Depths)
 71855 | Depths:4 | Killed Xtahua
 72048 | Depths:5 | Entered Level 5 of the Depths
 72239 | Depths:5 | Found a gate to the Realm of Zot.
 72587 | Depths:5 | Received a gift from Trog
 72934 | Depths:5 | Reached skill level 18 in Fighting
 73320 | Depths:4 | Reached skill level 8 in Unarmed Combat
 73320 | Depths:4 | Reached XP level 25. HP: 263/263 MP: 28/28
 73816 | Slime:1  | Entered Level 1 of the Pits of Slime
 74120 | Slime:3  | Received a gift from Trog
 74330 | Slime:4  | You fall through a shaft!
 74337 | Slime:6  | Entered Level 6 of the Pits of Slime
 74374 | Slime:6  | Received a gift from Trog
 74539 | Slime:6  | Noticed the royal jelly
 74563 | Slime:6  | Killed the royal jelly
 74563 | Slime:6  | Reached skill level 10 in Unarmed Combat
 74581 | Slime:6  | Killed from afar by an acid blob

Vanquished Creatures
  the royal jelly (Slime:6)
  2 ancient liches (Crypt:3)
  Saint Roka (Orc:4)
  Boris (Vaults:2)
  7 golden dragons
  Xtahua (Depths:4)
  Frederick (Vaults:2)
  the Enchantress (Depths:4)
  Nikola (Vaults:3)
  A bone dragon (Crypt:3)
  Arachne (Spider:4)
  Asterion (Vaults:1)
  5 tentacled monstrosities
  A deep elf master archer (Elf:3)
  A deep elf blademaster (Elf:3)
  A storm dragon (Depths:4)
  A titan (Depths:2)
  4 acid blobs
  6 liches
  A quicksilver dragon (Depths:4)
  2 octopode crushers
  4 sphinxes
  3 shadow dragons
  Kirke (Elf:3)
  3 crystal guardians (Vaults:1)
  3 ancient champions
  12 fire giants
  13 frost giants
  8 tengu reavers
  3 azure jellies
  Donald (Swamp:3)
  5 iron dragons
  Wiglaf (Swamp:4)
  A balrug (Depths:5)
  Maud (Lair:3)
  4 vault wardens
  9 deep elf sorcerers
  A draconian knight (Depths:4)
  7 emperor scorpions
  4 ghost moths (Spider:5)
  Louise (Swamp:1)
  2 ghouls (Crypt:1)
  4 spriggan defenders (Depths:4)
  3 death oozes
  The ghost of trelanon the Cruncher, a mighty VSGl of Makhleb (Swamp:2)
  11 very ugly things
  19 stone giants
  5 deep elf demonologists
  3 grey draconians
  A curse skull (Crypt:1)
  A draconian caller (Depths:4)
  3 vampire knights
  3 war gargoyles (Crypt:3)
  A lorocyproca (Depths:3)
  A purple draconian (Depths:5)
  9 dire elephants
  7 deep elf annihilators
  A white draconian (Depths:5)
  A black draconian (Depths:5)
  A green death (Swamp:5)
  10 deep elf death magi
  2 eidola (Crypt:2)
  A merfolk javelineer (Depths:3)
  Snorg (Elf:2)
  10 fire dragons
  A merfolk impaler (Depths:3)
  5 jiangshi
  12 ettins
  7 yaktaur captains
  7 deep elf high priests
  10 vault guards
  13 great orbs of eyes
  4 minotaurs
  13 hydras
  23 ironheart preservers
  2 ghost crabs (Crypt:2)
  10 ice dragons
  3 rakshasas
  5 spriggan air magi
  Erica (Lair:4)
  9 deep troll earth magi
  A shambling mangrove (Swamp:5)
  8 alligators
  8 centaur warriors
  15 death yaks
  16 deep troll shamans
  6 tengu warriors
  An alligator (shapeshifter) (D:14)
  A death yak (shapeshifter) (Depths:4)
  8 ogre magi
  4 vampire magi
  2 orc high priests
  2 thrashing horrors (Swamp:5)
  Urug (Orc:2)
  3 catoblepae
  3 spriggan berserkers (Depths:4)
  7 spriggans
  2 sun demons (Depths:5)
  25 deep trolls
  29 skeletal warriors
  27 deep elf knights
  4 unseen horrors
  17 hell knights
  A storm dragon skeleton (Crypt:3)
  A gelid demonspawn (Depths:3)
  A golden dragon zombie (Depths:1)
  12 iron trolls
  A shadow wraith (Crypt:1)
  A hell beast (Swamp:5)
  Erolcha (D:8)
  9 flayed ghosts
  4 ice devils
  3 spriggan druids
  A salamander mystic (Depths:1)
  3 large abominations
  2 giant orange brains
  21 hill giants
  2 ice statues (IceCv)
  A silver statue (Depths:1)
  A golden dragon skeleton (Crypt:3)
  A harpy (shapeshifter) (Vaults:2)
  Pikel (D:8)
  11 deep elf summoners
  6 harpies
  16 orb spiders
  11 ironbrand convokers
  21 orc knights
  8 swamp dragons
  21 deep elf conjurers
  A salamander (shapeshifter) (D:14)
  10 red wasps
  A sphinx skeleton (Depths:1)
  2 necromancers
  A stone giant zombie (Crypt:3)
  A draconian (shapeshifter) (Depths:3)
  5 orc sorcerers
  A tengu skeleton (Vaults:4)
  31 wolf spiders
  2 shining eyes
  A fire giant zombie (Crypt:3)
  47 ugly things
  8 vault sentinels
  10 cyclopes
  8 griffons
  2 wizards
  3 phantasmal warriors
  6 manticores
  4 black mambas
  A cyclops (shapeshifter) (Depths:2)
  An octopode (shapeshifter) (Depths:1)
  A stone giant skeleton (Crypt:3)
  16 elephants
  3 molten gargoyles
  6 gargoyles
  A moth of wrath (Spider:2)
  An eye of devastation (Slime:6)
  2 orange demons
  Joseph (Orc:2)
  4 salamanders (Depths:1)
  20 spiny frogs
  4 torpor snails
  A spiny frog (shapeshifter) (Vaults:1)
  A torpor snail (shapeshifter) (Depths:3)
  A shock serpent skeleton (Crypt:3)
  A spriggan skeleton (Depths:1)
  5 komodo dragons
  49 yaktaurs
  A golden dragon simulacrum (Depths:1)
  3 smoke demons (Crypt:3)
  3 hellwings
  A kobold demonologist (Vaults:1)
  A naga mage (Depths:2)
  6 fire drakes
  8 trolls
  2 feature mimics
  15 demonic crawlers
  21 jumping spiders
  24 deep elf priests
  A pale draconian skeleton (Crypt:1)
  10 blue devils (IceCv)
  A fire elemental (Depths:2)
  4 guardian mummies
  4 red devils (Crypt:3)
  A tengu conjurer (Depths:4)
  A silent spectre (Crypt:2)
  10 two-headed ogres
  3 polar bears (Lair:8)
  4 freezing wraiths
  A queen bee (Spider:5)
  23 blink frogs
  3 giant leeches
  A jumping spider (shapeshifter) (Vaults:4)
  A wind drake (shapeshifter) (D:14)
  15 bog bodies
  68 slime creatures
  A human zombie (Vaults:4)
  6 boulder beetles
  A red wasp zombie (Crypt:1)
  9 basilisks
  A fire dragon zombie (D:15)
  5 baby alligators
  11 flying skulls
  5 small abominations
  39 deep elf magi
  A griffon zombie (D:15)
  8 air elementals
  14 ravens
  A guardian serpent skeleton (Crypt:1)
  4 vampires
  An ice dragon skeleton (Crypt:3)
  An ettin skeleton (Crypt:3)
  A fire dragon skeleton (Crypt:3)
  10 water elementals
  A tarantella (shapeshifter) (Vaults:3)
  36 tarantellas
  A ynoxinul (Depths:3)
  3 hill giant zombies
  52 redbacks
  43 yaks
  A spriggan (shapeshifter) (Vaults:2)
  32 trapdoor spiders
  A human (shapeshifter) (Depths:5)
  40 deep elf fighters
  4 fire bats (Volcano)
  6 shadows
  2 humans (Elf:1)
  2 wyverns
  10 hogs
  Eustachio (D:10)
  A chaos spawn (Elf:3)
  34 vampire mosquitoes
  A black mamba skeleton (Crypt:3)
  10 wraiths
  2 steam dragons
  43 wolves
  A yaktaur simulacrum (Vaults:1)
  2 hill giant skeletons
  5 hungry ghosts
  15 wargs
  8 hippogriffs
  4 nagas (Depths:2)
  Edmund (D:6)
  2 soldier ants
  20 swamp worms
  7 mottled dragons
  A putrid demonspawn skeleton (Crypt:1)
  An infernal demonspawn skeleton (Crypt:2)
  23 water moccasins
  36 spiders
  11 porcupines
  6 yellow wasps
  7 ice beasts
  10 swamp drakes
  4 sky beasts
  8 black bears
  4 hell hounds (Lair:8)
  6 boggarts
  55 orc warriors
  5 necrophages
  25 ogres
  3 slaves (D:8)
  3 phantoms
  A snapping turtle skeleton (Crypt:3)
  An elephant skeleton (Crypt:1)
  An elf skeleton (D:15)
  A hog skeleton (Crypt:1)
  18 crocodiles
  3 lost souls
  14 centaurs
  2 boring beetles
  A fire drake skeleton (Crypt:2)
  21 giant frogs
  19 big kobolds
  A draconian zombie (Crypt:1)
  2 gnoll sergeants
  A glowing shapeshifter simulacrum (Vaults:2)
  16 insubstantial wisps
  A yaktaur skeleton (Crypt:2)
  A cyclops zombie (D:9)
  A wyvern zombie (D:10)
  32 killer bees
  11 scorpions
  A water moccasin zombie (Crypt:1)
  A cyclops skeleton (D:15)
  A wyvern skeleton (D:11)
  3 human simulacra
  3 eyes of draining
  25 wights
  2 electric eels
  2 hippogriff skeletons
  3 lava snakes (Volcano)
  5 crimson imps
  4 centaur zombies
  A quasit (D:7)
  13 jellies
  An elf zombie (D:7)
  16 iguanas
  39 orc wizards
  19 orc priests
  A giant frog skeleton (D:11)
  27 hounds
  3 orange rats
  10 worker ants
  7 sheep
  3 big kobold zombies (Ossuary)
  An ogre zombie (Crypt:2)
  A naga skeleton (Crypt:2)
  Terence (D:2)
  2 hound skeletons
  15 mummies
  A worker ant zombie (Crypt:2)
  27 adders
  12 gnolls
  50 green rats
  A steam dragon skeleton (D:7)
  3 orc skeletons
  3 giant mites
  A shadow imp (D:12)
  6 white imps (IceCv)
  2 worms
  An inept item mimic (D:6)
  7 ufetubi (IceCv)
  An iguana zombie (D:6)
  An adder zombie (Ossuary)
  An iguana skeleton (D:4)
  A sheep skeleton (Crypt:1)
  4 giant eyeballs
  7 giant geckos
  5 oozes (D:13)
  184 orcs
  4 ball pythons
  17 bats
  4 giant cockroaches
  21 goblins
  A green rat zombie (Crypt:1)
  16 hobgoblins
  14 quokkas
  2 giant newts (D:3)
  A giant newt skeleton (Crypt:2)
  2 giant spores
  A goblin zombie (Ossuary)
  A green rat skeleton (Crypt:2)
  6 hobgoblin zombies (Ossuary)
  6 jackals (Lair:8)
  A jackal zombie (Ossuary)
  26 kobolds
  8 kobold zombies (Ossuary)
  13 orc zombies
  A quokka zombie (Crypt:2)
  20 rats
  2 rat zombies (Ossuary)
  9 ballistomycetes
  3 crawling corpses (Vaults:1)
  2 fungi
  8 plants
2785 creatures vanquished.

Vanquished Creatures (collateral kills)
  Sojobo (Depths:2)
  A tengu reaver (Depths:3)
  An azure jelly (Slime:6)
  An emperor scorpion (Spider:5)
  The ghost of Miyamura the Spear-Bearer, a powerful MfIE of Okawaru (Lair:4)
  A fire dragon (Depths:4)
  2 ice dragons
  An ironheart preserver (Vaults:1)
  A yaktaur captain (Vaults:1)
  A hydra (Lair:5)
  3 death yaks (Lair:6)
  2 orc high priests
  Nergalle (Orc:4)
  A skeletal warrior (Crypt:2)
  2 deep elf summoners
  4 deep trolls
  An orc knight (Orc:4)
  An orb spider (Spider:5)
  3 wolf spiders (Spider:5)
  A red wasp (Spider:5)
  A cyclops (D:15)
  An elephant (Lair:7)
  A vault sentinel (Vaults:1)
  An efreet (D:15)
  5 jumping spiders
  2 redbacks
  2 slime creatures (Vaults:1)
  A water elemental (Depths:3)
  2 trapdoor spiders (Spider:5)
  3 yaks (Lair:7)
  2 tarantellas
  5 orc warriors
  2 spiders
  An ice beast (Lair:4)
  5 orc priests (Orc:4)
  An orange rat (Elf:1)
  2 orc wizards (Orc:4)
  7 spectral orcs (Orc:4)
  A green rat (Lair:4)
  2 orcs
  A quokka (Lair:4)
  A goblin (Orc:4)
79 creatures vanquished.

Vanquished Creatures (others)
  A tengu reaver (Depths:4)
  A deep elf high priest (Elf:3)
  A spriggan air mage (Depths:4)
  A deep elf knight (Elf:3)
  A deep troll (Spider:5)
  A wizard (Depths:2)
  A sphinx zombie (Depths:1)
  2 water elementals (Depths:4)
  2 polar bears (Lair:8)
  4 trolls
  5 fire elementals
  3 two-headed ogres
  A deep elf mage (Elf:2)
  A jumping spider (Spider:1)
  3 trapdoor spiders (Depths:4)
  A wyvern (Crypt:3)
  A hog (Lair:8)
  A deep elf fighter (Elf:1)
  A water moccasin (Crypt:3)
  2 spiders (Depths:4)
  A slave (D:8)
  An ogre (Spider:1)
  14 lost souls
  A wight (D:8)
  An orc wizard (Vaults:1)
  A white imp (IceCv)
  4 ufetubi
  3 orcs
  A bat (D:8)
  2 giant spores
  10 fungi
  5 plants
78 creatures vanquished.

Grand Total: 2942 creatures vanquished

Action                   |  1- 3 |  4- 6 |  7- 9 | 10-12 | 13-15 | 16-18 | 19-21 | 22-24 | 25-27 || total
-------------------------+-------+-------+-------+-------+-------+-------+-------+-------+-------++-------
Melee: Unarmed           |    90 |   169 |   528 |  1172 |  1965 |  1952 |  1548 |  1435 |   163 ||  9022
 Fire: Blowgun           |       |       |       |     2 |       |       |     1 |       |       ||     3
Throw: Large rock        |     4 |     5 |    15 |    68 |   452 |   676 |   869 |  1056 |    40 ||  3185
       Throwing net      |       |     1 |       |     2 |     1 |     2 |     1 |       |       ||     7
       Tomahawk          |       |       |     2 |    11 |    90 |    22 |   175 |       |       ||   300
       Javelin           |       |       |       |   109 |   102 |    12 |    65 |       |       ||   288
 Cast: Corona            |    18 |    33 |       |       |       |       |       |       |       ||    51
Invok: Berserk           |       |       |     3 |    12 |    18 |     8 |    14 |    15 |     1 ||    71
       Burn Spellbooks   |       |       |     2 |       |     2 |     7 |     4 |     7 |     1 ||    23
       Trog's Hand       |       |       |       |    12 |    22 |    43 |    21 |    24 |     1 ||   123
       Brothers in Arms  |       |       |       |     1 |     7 |     6 |     4 |     4 |     1 ||    23
 Abil: Evoke Blink       |       |       |     1 |       |       |       |       |       |       ||     1
       Evoke Invisibilit |       |       |       |       |     4 |     4 |     1 |       |       ||     9
       Evoke Flight      |       |       |       |       |     1 |       |       |       |       ||     1
Evoke: Wand              |       |       |     4 |       |     7 |    11 |     3 |     2 |     1 ||    28
       Rod               |       |       |       |       |    11 |    10 |    58 |       |       ||    79
       Deck              |       |       |       |       |     5 |       |       |       |       ||     5
       Lamp of fire      |       |       |       |       |     1 |     3 |     3 |     5 |     1 ||    13
       Phial of floods   |       |       |       |       |       |     1 |       |     5 |       ||     6
       Sack of spiders   |       |       |       |       |       |     1 |       |     6 |       ||     7
  Use: Scroll            |       |     9 |    11 |     7 |    15 |    19 |    20 |    24 |     1 ||   106
       Potion            |       |       |     4 |     1 |     8 |     7 |    11 |     7 |     4 ||    42
 Stab: Invisible         |       |       |     6 |     6 |    14 |     5 |     1 |       |       ||    32
       Distracted        |       |       |     2 |       |     3 |       |     2 |     3 |       ||    10
       Held in net/web   |       |       |       |     1 |       |       |       |     1 |       ||     2
       Sleeping          |       |       |       |       |     1 |     1 |     1 |       |       ||     3
  Eat: Chunk             |     4 |    26 |    37 |    67 |   100 |    44 |   102 |    96 |       ||   476
       Meat ration       |     1 |       |       |       |     2 |     9 |     3 |     8 |     2 ||    25
       Bread ration      |       |       |       |     2 |     3 |     7 |     3 |     2 |     1 ||    18
       Pizza             |       |       |       |     2 |     1 |     8 |     1 |     3 |       ||    15
       Beef jerky        |       |       |       |     1 |    19 |     1 |     3 |     1 |       ||    25
       Royal jelly       |       |       |       |       |     5 |    14 |     1 |     2 |       ||    22
       Fruit             |       |       |       |       |       |     7 |     3 |    11 |       ||    21

Vault maps used:
D:1:      dpeg_arrival_simpleton_b
D:2:      uniq_terence
D:4:      nicolae_overflow_hidden_temple
D:5:      serial_shops, kennysheep_mini, first_bread,
          nicolae_dithmenos_the_darkroom
D:6:      lemuel_doored_altar, kennysheep_generic_room_9, uniq_edmund
D:7:      gammafunk_temple_overflow_pools, minmay_temple_entry_junction,
          nicolae_ossuary_entry_monument
D:8:      basic_altar, grunt_decor_one_mirror, uniq_erolcha, uniq_pikel
D:9:      orc_0_dummy, minmay_lair_entry_grove
D:10:     serial_shops, shop, uniq_eustachio
D:11:     serial_co_window_serial, co_window_paths_b, co_window_corner_a,
          co_window_of_opportunity_a, co_window_paths_a,
          co_window_of_opportunity_a, co_window_of_opportunity_b,
          co_window_broadway_a, co_window_unsneaky_path_c, co_window_paths_e,
          co_window_4corner_a, glass_columns_a, glass_columns_a,
          glass_columns_c, glass_columns_c, glass_columns_a
D:13:     dragon1_lemuel, serial_shops, shop, hangedman_little_slice_of_home
D:14:     david_vaults_2, hangedman_decor_peaks_small, minmay_misc_feat_doors,
          library_closet, trog_wizard
D:15:     grunt_enter_depths_snipers, minmay_curled_crystal,
          minmay_gold_behind_plants, due_unseen_surprise
Temple:   oiseaux_autumnal_temple_12
Orc:1:    serial_shops, shop, makhleb_blood_cavern_becter
Orc:2:    uniq_joseph, uniq_urug
Orc:3:    giant_chief_lemuel, nicolae_orc_pool_cavern
Orc:4:    grunt_orc_cross, mines2_lemuel
Elf:1:    serial_shops, bzr_entry_customers, grunt_megastairs_1
Elf:2:    spider_trap, minmay_misc_feat_diagonals, st_stairs_7,
          solitary_fountain, minivault_4, nicolae_elf_stone_circles,
          grunt_megastairs_2, uniq_snorg
Elf:3:    minmay_elf_hall_quartered_circle, uniq_kirke
Lair:1:   grunt_forest_stairs_basic, patterned_corridor
Lair:2:   basic_altar
Lair:3:   beast_lair_carwin_large_3, spider_nest_entry_rubble, uniq_maud
Lair:4:   uniq_erica
Lair:5:   minmay_swamp_entry_wisps, st_stairs_5
Lair:6:   slime_dummy, nicolae_volcano_entry_s_turn
Lair:7:   portal_ice_cave_entry_dragon
Lair:8:   hangedman_lair_caniforms_friends, guppyfry_lair_end_dragon,
          minmay_hedge_maze, st_stairs_6, infiniplex_staircase_pool_2
Swamp:1:  nicolae_swamp_fairy_circle, uniq_louise
Swamp:2:  evilmike_swamp_ruin_wall, swamp_pool1
Swamp:3:  hangedman_swamp_cone, swamp_pool5, nicolae_swamp_trees_clearing,
          uniq_donald
Swamp:4:  evilmike_swamp_ruin_house_4, uniq_wiglaf
Swamp:5:  swamp_vile, infiniplex_staircase_pool
Spider:2: hangedman_spider_trapstep
Spider:4: uniq_arachne
Spider:5: grunt_spider_rune_parallel, nicolae_looking_at_the_future
Slime:1:  basic_altar
Slime:4:  cheibrodos_slime_lost_civilization_5
Vaults:1: hangedman_vaults_restitches, nicolae_vaults_octagons,
          nicolae_vaults_little_squares_6, hangedman_vaults_hat,
          vaults_mumra_minichess, ontoclasm_vaults_fault,
          nicolae_vaults_disjoint_gnomons, vaults_room_grunt_arrival_ludios,
          v_rooms_5, ontoclasm_vaults_idyll, v_misc_15,
          hangedman_vaults_stretched_pinwheel, ontoclasm_vaults_twist,
          uniq_asterion
Vaults:2: nicolae_vaults_quadrants, v_pattern_1, ontoclasm_vaults_idyll,
          nicolae_vaults_circle_grid_a, ontoclasm_vaults_gateway, v_misc_16,
          vaults_mumra_hex, nicolae_vaults_three_branches,
          nicolae_vaults_little_squares_2, vaults_room_grunt_arrival_checkpoint,
          nicolae_vaults_diagonal_hallway_7, ontoclasm_vaults_eye,
          hangedman_vaults_cutoff, ontoclasm_vaults_ring_square, uniq_boris,
          uniq_frederick
Vaults:3: nicolae_vaults_windows_and_doors_thing,
          nicolae_vaults_little_squares_6, v_misc_22,
          nicolae_vaults_ring_of_whatevers, hangedman_vaults_nails,
          minmay_crypt_entry_necro_gods, uniq_nikola
Vaults:4: dpeg_vaults_monster_row, st_cells, vaults_room_octagon, v_misc_1,
          v_misc_1, nicolae_vaults_triangles, hangedman_vaults_trim,
          v_alt_pattern_2, nicolae_trove_entry_path_of_doom
Crypt:1:  crypt_curse_skull_rare, lemuel_freeze_loot_1,
          grunt_crypt_arrival_split, uniq_mara
Crypt:2:  grunt_megastairs_4, uniq_saint_roka
Crypt:3:  quadcrypt_mu
Depths:1: enter_ziggurat_d, hell_entry, minmay_protected_statue
Depths:2: hangedman_spin_cycle, hell_entry, abyss_entry, serial_shops
Depths:3: kennysheep_four_of_diamonds, rand_demon_pan_entry_5, hell_entry,
          fountainhead, abyss_entry_crystal
Depths:4: minmay_nine_rooms, serial_shops, shop, hell_entry, abyss_entry,
          serial_bayou_pond_b, infiniplex_staircase_pool_1, uniq_xtahua,
          uniq_enchantress
Depths:5: grunt_crosshair, pan_entry, lightli_too_deep, moated_statue
Bazaar:   bazaar_minmay_row
Trove:    trove_weapons_four_rooms
Ossuary:  ossuary_tomb_1
IceCv:    ice_cave_small_demon
Volcano:  volcano_grotto
